 Dungeon Crawl Stone Soup version 0.30.1-4-g462c640d31 (webtiles) character file.

Game seed: 7922823602638480980

222 Labrat the Conjurer (level 6, -3/47 HPs)
             Began as a Meteoran Conjurer on Aug 27, 2023.
             Slain by an orc warrior
             ... wielding a +0 scimitar
              (17 damage)
             ... on level 6 of the Dungeon.
             The game lasted 00:09:53 (935 turns).

Labrat the Conjurer (Meteoran Conjurer)              Turns: 935, Time: 00:09:54

Health: -3/47      AC:  2    Str:  9    XL:     6   Next: 43%
Magic:  6/16       EV: 12    Int: 22    God:
Gold:   120        SH:  0    Dex: 12    Spells: 14/17 levels left

rFire   . . .        (no weapon)
rCold   . . .        (no shield)
rNeg    . . .        a - +0 robe
rPois   .            (no helmet)
rElec   .            (no cloak)
rCorr   .            (no gloves)
SInv    .            (no boots)
Will    .....        (no amulet)
Stlth   +            (no ring)
HPRegen 0.27/turn    (no ring)
MPRegen 0.15/turn

%: no passive effects
@: very slightly contaminated, glowing
A: sense surroundings 1, otherworldly, glowing, explore regen
a: no special abilities


You were on level 6 of the Dungeon.
You visited 1 branch of the dungeon, and saw 6 of its levels.

You collected 120 gold pieces.

Inventory:

Armour
 a - a +0 robe (worn)
Jewellery
 c - an amulet of faith
Wands
 d - a wand of charming (7)
 k - a wand of mindburst (10)
Scrolls
 e - a scroll of butterflies {unknown}
 f - a scroll of poison {unknown}
 g - 2 scrolls of amnesia {unknown}
 h - 2 scrolls of enchant armour {unknown}
 i - 2 scrolls of blinking {unknown}
 j - 5 scrolls of identify {unknown}
 l - a scroll of teleportation {unknown}
 m - 2 scrolls of torment {unknown}
 n - a scroll of noise {unknown}
Potions
 b - 2 potions of magic
 o - a potion of mutation {unknown}


   Skills:
 + Level 1.2 Fighting
 + Level 2.9 Dodging
 - Level 1.4 Stealth
 - Level 6.0 Spellcasting
 - Level 6.0 Conjurations


You had 14 spell levels left.
You knew the following spells:

 Your Spells              Type           Power      Damage    Failure   Level
a - Magic Dart            Conj           100%       1d8       1%          1
b - Searing Ray           Conj           66%        2d6       1%          2

Your spell library contained the following spells:

 Spells                   Type           Power      Damage    Failure   Level
 Dazzling Flash           Conj/Hex       38%        N/A       8%          3
 Slow                     Hex            24%        N/A       9%          1
 Confusing Touch          Hex            6%         N/A       26%         3
 Vampiric Draining        Necr           6%         2d6       26%         3
 Fulminant Prism          Conj/Hex       9%         3d7       26%         4
 Iskenderun's Mystic Bla  Conj/Tloc      19%        2d6       26%         4


Dungeon Overview and Level Annotations

Branches:
Dungeon (6/15) Zot: 2667
 Temple: D:4-7

Altars:
Trog


Innate Abilities, Weirdness & Mutations

You passively map a small area around you.
You are easily found by Zot.
You glow in the dark.
You regain HP and MP as you explore.


Message History

Aim: an orc warrior, wielding a +0 scimitar and wearing a +0 chain mail (heavily wounded, 78% to hit)
You miscast Searing Ray.
You are very lightly contaminated with residual magic.
Nothing appears to happen.
The orc warrior hits you with a +0 scimitar!
The orc warrior attacks as you move away!
The orc warrior hits you with a +0 scimitar!
Casting: Searing Ray (safe; 1% risk of failure)
Confirm with . or Enter, or press ? or * to list all spells.
Aiming: Searing Ray (safe; 1% risk of failure)
Press: ? - help, Shift-Dir - straight line, f/p - orc warrior
Aim: an orc warrior, wielding a +0 scimitar and wearing a +0 chain mail (heavily wounded, 78% to hit)
The searing ray hits the orc warrior but does no damage.
The orc warrior is heavily wounded. (Press . to maintain the ray.)
The orc warrior hits you with a +0 scimitar.
* * * LOW HITPOINT WARNING * * *
The searing ray hits the orc warrior but does no damage.
The orc warrior is heavily wounded.
The searing ray hits the orc wizard!
The orc wizard is almost dead.
The orc wizard gestures wildly while chanting.
The orc wizard flickers and vanishes!
Deactivating autopickup; reactivate with Ctrl-A.
The orc warrior misses you.
The searing ray hits the orc warrior but does no damage.
The orc warrior is heavily wounded.
The searing ray hits the orc.
The orc is heavily wounded.
The searing ray hits something.
Reactivating autopickup.
You feel a bit more experienced. The orc warrior barely misses you.
Your Fighting skill increases to level 1!
The searing ray hits the orc warrior.
The orc warrior is severely wounded.
The searing ray hits the orc.
The orc is almost dead.
You finish channelling your searing ray.
The orc warrior hits you with a +0 scimitar!
You die...

, ,
#.##......#
,#.##.####.# *
#.##.. #.#
#.##### #.# *,
#....<#,#)#
####### #.# *
*'#.,, #.# *
....!#######.#
,
...).).oo@...#
*
........######
, ###.....#
#.....# ,
#.....#
#.....# , ,*
#.....# ,
#.....#


You could see an orc warrior and an orc.

Vanquished Creatures
  A jelly (D:6)
  2 orc wizards
  7 gnolls
  An adder (D:3)
  3 dart slugs (D:1)
  9 orcs
  2 ball pythons
  3 endoplasms
  A giant cockroach (D:1)
  8 goblins
  7 hobgoblins
  3 kobolds (D:1)
  A quokka (D:3)
  2 bats (D:3)
  A frilled lizard (D:1)
  3 rats
54 creatures vanquished.

Notes
Turn   | Place    | Note
-------+----------+-------------------------------------------
     0 | D:1      | Labrat the Meteoran Conjurer began the quest for the Orb.
     0 | D:1      | Reached XP level 1. HP: 14/14 MP: 5/5
     0 | D:1      | Noticed a vampire
     0 | D:1      | Noticed a gargoyle
     1 | D:1      | Noticed a demonspawn
     1 | D:1      | Noticed a dwarf
     3 | D:1      | Noticed a ghoul
     3 | D:1      | Noticed a spriggan
     6 | D:1      | Noticed a gargoyle
     7 | D:1      | Noticed a spriggan
     9 | D:1      | Noticed a tengu
    13 | D:1      | Noticed a formicid
    13 | D:1      | Noticed a dwarf
    15 | D:1      | Noticed a vine stalker
    15 | D:1      | Noticed a vine stalker
    15 | D:1      | Noticed a vampire
    19 | D:1      | Noticed an octopode
    19 | D:1      | Noticed a dwarf
    60 | D:2      | Reached skill level 5 in Conjurations
    95 | D:2      | Reached XP level 2. HP: 20/20 MP: 4/7
    99 | D:2      | Reached XP level 3. HP: 19/26 MP: 0/9
   126 | D:2      | Reached XP level 4. HP: 9/33 MP: 0/10
   166 | D:2      | Learned a level 2 spell: Searing Ray
   262 | D:1      | Found a faded altar of an unknown god.
   295 | D:1      | You fall into a shaft and drop 1 floor!
   445 | D:3      | Found a bloodstained altar of Trog.
   476 | D:3      | Reached XP level 5. HP: 38/38 MP: 10/12
   757 | D:5      | Entered Level 5 of the Dungeon
   777 | D:5      | Reached skill level 5 in Spellcasting
   808 | D:5      | Reached XP level 6. HP: 25/45 MP: 5/15
   923 | D:6      | Noticed an orc warrior
   935 | D:6      | Reached skill level 1 in Fighting
   935 | D:6      | Slain by an orc warrior

Illustrated notes

Levels and vault maps discovered:
D:1:      shiori_arrival_whats_in_store_for_you, layout_rooms,
          hellmonk_ecumenical_altar_blasted
D:2:      layout_loops_ring
D:3:      layout_basic, bloody_trog, uniq_ijyb
D:4:      layout_gridville, minmay_temple_entry_mini_moons, supply_closet_lemuel
D:5:      layout_rooms, minmay_parallelograms
D:6:      layout_basic, nzn_wu_jian_contemplation

Skill      XL: |  1  2  3  4  5  6 |
---------------+-------------------+-----
Conjurations   | 5 6 |  6.0
Spellcasting   | 3 4 5 6 |  6.0
Fighting       | 1 |  1.2
Dodging        | |  2.9
Stealth        | |  1.4

Action                     |  1- 3 |  4- 6 || total
---------------------------+-------+-------++-------
  Melee: Unarmed           |     5 |     5 ||    10
   Cast: Magic Dart        |    20 |    65 ||    85
         Searing Ray       |       |    13 ||    13
 Armour: Robe              |       |     2 ||     2
  Dodge: Dodged            |     3 |    12 ||    15
